[Event "94th Tradewise Hastings Congress"]
[Site "Hastings"]
[Date "2019.01.03"]
[Round "7"]
[White "Rayner, Francis"]
[Black "Moore, Graham J"]
[Result "0-1"]
[ECO "A20"]
[WhiteElo "2048"]
[BlackElo "2235"]
[Annotator "NA"]
[PlyCount "122"]
[EventDate "2018.12.28"]
[EventType "swiss"]
[EventCountry "ENG"]
[SourceTitle "playchess.com"]
[Source "ChessBase"]
[SourceQuality "1"]
[TimeControl "40/6000+30:3000+30"]

1. c4 e5 2. g3 c6 3. d4 e4 4. Nc3 d5 5. Qb3 Nf6 6. cxd5 cxd5 7. Bg5 Nbd7 8. Nh3 Qa5 9. Bg2 Bb4 $14 10. O-O h6 11. Bd2 O-O 12. Rfd1 Bxc3 13. Bxc3 Qa6 14. Nf4 Nb6 15. Bb4 Re8 16. e3 Bd7 17. Rdc1 g5 18. Bf1 Bb5 19. Bxb5 Qxb5 20. Nh3 Nc4 21. a4 Na5 22. Qc3 Qd7 23. Kg2 Rac8 24. Qe1 Rxc1 25. Rxc1 Nc4 26. Qc3 Rc8 27. b3 Nd6 28. Qd2 Nf5 29. Ng1 Rxc1 30. Qxc1 b6 31. h3 h5 32. a5 h4 33. g4 Ng7 34. axb6 axb6 35. Qf1 Ne6 36. Qa6 Qc6 37. Qa7 Kg7 38. Qb8 Ne8 39. Qe5+ f6 40. Qb8 Kg6 41. Qa7 N8g7 42. Qa4 Qc2 43. Qb5 Qxb3 44. Qxb6 Qc4 45. Qd6 Nf4+ 46. exf4 gxf4 47. Bc5 f3+ 48. Nxf3 exf3+ 49. Kxf3 Qf1 50. Qf4 Qxh3+ 51. Ke2 Qb3 52. Be7 Qb6 53. Kf3 Kf7 54. Bc5 Qb3+ 55. Kg2 Ne6 56. Qd6 h3+ 57. Kh2 Qf3 58. Qe7+ Kg6 59. Qe8+ Kg7 60. Qe7+ Kh6 61. g5+ Kxg5 0-1

[Event "94th Tradewise Hastings Congress"]
[Site "Hastings"]
[Date "2019.01.03"]
[Round "7"]
[White "Barton, R Alan"]
[Black "Chapman, Matt"]
[Result "0-1"]
[ECO "D04"]
[WhiteElo "2037"]
[BlackElo "1902"]
[Annotator "NA"]
[PlyCount "112"]
[EventDate "2018.12.28"]
[EventType "swiss"]
[EventCountry "ENG"]
[SourceTitle "playchess.com"]
[Source "ChessBase"]
[SourceQuality "1"]
[TimeControl "40/6000+30:3000+30"]

1. Nf3 d5 2. d4 Nf6 3. e3 c5 4. Nbd2 Nc6 5. Bb5 Qb6 6. a4 e6 7. O-O Bd6 8. b3 cxd4 9. Nxd4 O-O 10. Nxc6 bxc6 11. Bd3 a5 12. Bb2 e5 13. e4 Re8 14. h3 Bb7 15. Re1 Bc5 16. Qf3 Qc7 17. Rad1 Re7 18. c4 d4 19. Nf1 Bb4 20. Re2 Nd7 21. Ng3 g6 22. Bc1 Ree8 23. Bh6 Bf8 24. Bxf8 Kxf8 25. h4 Nc5 26. Rb2 Qe7 27. h5 Bc8 28. hxg6 hxg6 29. Qe2 Qg5 30. Nf1 Rb8 31. Nd2 Bg4 32. f3 Be6 33. Rdb1 Rb4 34. Nf1 Reb8 35. Qc2 Nxd3 36. Qxd3 Bxc4 37. Qc2 Be6 38. Qc5+ Kg7 39. Qxa5 Rxb3 40. Rxb3 Rxb3 41. Rxb3 Bxb3 42. Qb4 Bd1 43. Kf2 Qc1 44. a5 Qc2+ 45. Qd2 Qa4 46. Ng3 Bb3 47. Nf5+ Kf6 48. Qh6 Ke6 49. Ng7+ Kd7 50. Qh3+ Kd6 51. Qc8 Kc5 52. Qb8 Qa2+ 53. Kg3 d3 54. Qxe5+ Kc4 55. Ne8 d2 56. Nd6+ Kd3 0-1

[Event "94th Tradewise Hastings Congress"]
[Site "Hastings"]
[Date "2019.01.03"]
[Round "7"]
[White "Norinkeviciute, Rasa"]
[Black "Metcalfe, Charlie P"]
[Result "1-0"]
[ECO "A29"]
[WhiteElo "2028"]
[BlackElo "1797"]
[Annotator "NA"]
[PlyCount "60"]
[EventDate "2018.12.28"]
[EventType "swiss"]
[EventCountry "ENG"]
[SourceTitle "playchess.com"]
[Source "ChessBase"]
[SourceQuality "1"]
[TimeControl "40/6000+30:3000+30"]

1. c4 e5 2. g3 Nf6 3. Bg2 d5 4. cxd5 Nxd5 5. Nc3 Nb6 6. Nf3 Nc6 7. d3 Be7 8. O-O O-O 9. Be3 Be6 10. Na4 Nd5 11. Bc5 f6 12. Rc1 Rb8 13. Bxe7 Qxe7 14. Nc5 Bf7 15. Qa4 Nb6 16. Qa3 Bd5 17. b4 a6 18. Qb2 Qd6 19. Rfd1 Nd4 20. e4 Nxf3+ 21. Bxf3 Bf7 22. d4 Nc4 23. Qc3 b6 24. dxe5 Qxe5 25. Nd7 Qxc3 26. Rxc3 Ne5 27. Nxb8 Nxf3+ 28. Kg2 Bh5 29. Nd7 Rf7 30. Rxc7 Rxd7 1-0

[Event "94th Tradewise Hastings Congress"]
[Site "Hastings"]
[Date "2019.01.03"]
[Round "7"]
[White "Midhun, P U"]
[Black "Spiegel, Stefan"]
[Result "1-0"]
[ECO "E07"]
[WhiteElo "2010"]
[BlackElo "2124"]
[Annotator "NA"]
[PlyCount "85"]
[EventDate "2018.12.28"]
[EventType "swiss"]
[EventCountry "ENG"]
[SourceTitle "playchess.com"]
[Source "ChessBase"]
[SourceQuality "1"]
[TimeControl "40/6000+30:3000+30"]

1. Nf3 Nf6 2. g3 e6 3. Bg2 d5 4. d4 Be7 5. O-O O-O 6. c4 c6 7. Nc3 Nbd7 8. b3 b6 9. Bb2 Ba6 10. Rc1 Rc8 11. Re1 dxc4 12. bxc4 Bxc4 13. Nd2 Ba6 14. Qa4 Nb8 15. e4 b5 16. Qb3 Nbd7 17. Ba3 Bxa3 18. Qxa3 Qb6 19. Bf1 Bb7 20. Qd6 Rfd8 21. Nb3 a5 22. Qf4 a4 23. Nc5 Nf8 24. e5 Nd5 25. Nxd5 Rxd5 26. Bg2 Rdd8 27. Red1 Ba8 28. h4 Qc7 29. Ne4 f5 30. Nd6 Ng6 31. Qg5 Rxd6 32. exd6 Qxd6 33. h5 Nf8 34. d5 h6 35. Qe3 e5 36. dxc6 Qf6 37. Bd5+ Kh8 38. c7 f4 39. Qf3 Bxd5 40. Rxd5 Ne6 41. Rd7 Nd4 42. Qb7 fxg3 43. Rd8+ 1-0

[Event "94th Tradewise Hastings Congress"]
[Site "Hastings"]
[Date "2019.01.03"]
[Round "7"]
[White "Royal, Shreyas"]
[Black "White, Stuart A"]
[Result "1/2-1/2"]
[ECO "E00"]
[WhiteElo "1930"]
[BlackElo "2096"]
[Annotator "NA"]
[PlyCount "85"]
[EventDate "2018.12.28"]
[EventType "swiss"]
[EventCountry "ENG"]
[SourceTitle "playchess.com"]
[Source "ChessBase"]
[SourceQuality "1"]
[TimeControl "40/6000+30:3000+30"]

1. d4 Nf6 2. c4 e6 3. g3 Bb4+ 4. Bd2 a5 5. Bg2 d6 6. Nc3 e5 7. d5 Nbd7 8. e4 Nc5 9. Qc2 h5 10. h4 Ng4 11. Nge2 Bd7 12. Rd1 f6 13. f3 Nh6 14. Kf2 Nf7 15. Rdf1 g5 16. hxg5 fxg5 17. Ke1 Qe7 18. Kd1 Bxc3 19. Nxc3 h4 20. g4 Qf6 21. Bh3 Rg8 22. Rh2 Nh8 23. Be3 Ng6 24. Qd2 Nf4 25. Bxf4 Qxf4 26. Qxf4 exf4 27. Kd2 Kf7 28. Re2 Kf6 29. Rfe1 Rge8 30. Kc2 Re7 31. b3 Be8 32. a4 Nd7 33. Na2 Ne5 34. Rf1 Ra6 35. Nc1 Rb6 36. Kc3 Bd7 37. Rd2 Re8 38. Nd3 Nxd3 39. Rxd3 Ke5 40. Rd2 Rb4 41. Rff2 Rb8 42. Bf1 Be8 43. Bd3 1/2-1/2

[Event "94th Tradewise Hastings Congress"]
[Site "Hastings"]
[Date "2019.01.03"]
[Round "7"]
[White "Faulks, Nick"]
[Black "Nettleton, Charlie B"]
[Result "0-1"]
[ECO "B37"]
[WhiteElo "1917"]
[BlackElo "2059"]
[Annotator "NA"]
[PlyCount "72"]
[EventDate "2018.12.28"]
[EventType "swiss"]
[EventCountry "ENG"]
[SourceTitle "playchess.com"]
[Source "ChessBase"]
[SourceQuality "1"]
[TimeControl "40/6000+30:3000+30"]

1. e4 c5 2. Nf3 g6 3. c4 Bg7 4. d4 cxd4 5. Nxd4 Nc6 6. Nc2 d6 7. Be2 Qb6 8. Nc3 Bxc3+ 9. bxc3 Nf6 10. f3 Be6 11. Ne3 Rc8 12. Nd5 Bxd5 13. cxd5 Ne5 14. Qd4 Qa5 15. Qb4 Qc7 16. Bb5+ Nfd7 17. Bd2 O-O 18. Rb1 a6 19. Be2 b5 20. Kf2 f5 21. Kg3 fxe4 22. fxe4 Nc4 23. Bh6 Rf7 24. Bg4 Nc5 25. Rbe1 Ne5 26. Rhf1 Nxg4 27. Kxg4 Nd3 28. Rxf7 Ne5+ 29. Kh4 Nxf7 30. Bd2 Qc4 31. Qb1 Rf8 32. Rf1 Ne5 33. Rxf8+ Kxf8 34. Qe1 Qxa2 35. Qf1+ Ke8 36. Bf4 Qc4 0-1

[Event "94th Tradewise Hastings Congress"]
[Site "Hastings"]
[Date "2019.01.03"]
[Round "7"]
[White "Ruane, Brendan J"]
[Black "Taylor, Adam A"]
[Result "0-1"]
[ECO "A08"]
[WhiteElo "1870"]
[BlackElo "2122"]
[Annotator "NA"]
[PlyCount "66"]
[EventDate "2018.12.28"]
[EventType "swiss"]
[EventCountry "ENG"]
[SourceTitle "playchess.com"]
[Source "ChessBase"]
[SourceQuality "1"]
[TimeControl "40/6000+30:3000+30"]

1. e4 c5 2. Nf3 Nc6 3. d3 e6 4. g3 d5 5. Nbd2 Bd6 6. Bg2 Nge7 7. O-O Qc7 8. Re1 Bd7 9. c3 O-O 10. a3 Ng6 11. b4 cxb4 12. axb4 Nce5 13. Nxe5 Nxe5 14. Nb1 dxe4 15. dxe4 Rfd8 16. f4 Nc4 17. Na3 Nxa3 18. Rxa3 Bb5 19. Qf3 Be7 20. Bf1 Bc6 21. Qe2 a5 22. Rxa5 Rxa5 23. bxa5 Qxa5 24. c4 Bc5+ 25. Kh1 f5 26. Bg2 fxe4 27. Rd1 Rxd1+ 28. Qxd1 Qc3 29. Qf1 Qc2 30. f5 e3 31. Bxc6 e2 32. Qe1 Qd1 33. Bd2 Bf2 0-1